 Dungeon Crawl Stone Soup version 0.28-a0-203-gf40de95187 (webtiles) character file.

Game seed: 11365494499065121735

205 Arne the Ducker (level 5, -3/53 HPs)
             Began as a Troll Fighter on Aug 20, 2021.
             Slain by an orc warrior (13 damage)
             ... on level 4 of the Dungeon.
             The game lasted 00:17:48 (2666 turns).

Arne the Ducker (Troll Fighter)                     Turns: 2666, Time: 00:17:50

Health: -3/53      AC:  4    Str: 24    XL:     5   Next: 52%
Magic:  4/4        EV:  8    Int:  4    God:
Gold:   154        SH:  7    Dex: 10    Spells: 4/4 levels left

rFire   . . .      SeeInvis .   a - +0 long sword
rCold   . . .      Faith    .   c - +0 kite shield
rNeg    . . .      Spirit   .   b - +0 robe
rPois   .          Reflect  .   (helmet restricted)
rElec   .          Harm     .   (no cloak)
rCorr   .          Rampage  .   (gloves unavailable)
Will    .....                   (boots unavailable)
Stlth   +.........              (no amulet)
HPRegen 1.17/turn               (no ring)
MPRegen 0.09/turn               (no ring)

@: no status effects
A: large, unfitting armour, claws 3, regeneration 1, shaggy fur 1, tough skin 1
a: no special abilities


You were on level 4 of the Dungeon.
You visited 1 branch of the dungeon, and saw 4 of its levels.

You collected 154 gold pieces.

Inventory:

Hand Weapons
 a - a +0 long sword (weapon)
 s - a +2 dagger of holy wrath
Armour
 b - a +0 robe (worn)
 c - a +0 kite shield (worn)
 f - a +0 scale mail
 o - a +0 helmet
Jewellery
 n - a ring of ice
Wands
 m - a wand of flame (13)
Scrolls
 g - a scroll of enchant weapon {unknown}
 i - a scroll of amnesia {unknown}
 k - a scroll of noise {unknown}
 q - a scroll of teleportation {unknown}
 r - a scroll of vulnerability {unknown}
 t - a scroll of summoning {unknown}
Potions
 d - 2 potions of might
 e - a potion of invisibility {unknown}
 h - 3 potions of brilliance {unknown}
 j - a potion of attraction {unknown}
 l - a potion of ambrosia {unknown}
 p - a potion of degeneration {unknown}


   Skills:
 + Level 3.1 Fighting
 - Level 2.2 Long Blades
 + Level 3.6 Dodging
 + Level 0.4 Stealth
 + Level 3.3 Shields


You had 4 spell levels left.
You didn't know any spells.
Your spell library contained the following spells:

 Spells                   Type           Power      Damage    Failure   Level
 Blink                    Tloc           N/A        N/A       96%         2
 Gell's Gravitas          Tloc           0%         N/A       99%         3
 Teleport Other           Tloc           0%         N/A       99%         3
 Manifold Assault         Tloc           0%         N/A       100%        5
 Dispersal                Tloc           0%         N/A       100%        6
 Storm Form               Tmut/Air       0%         N/A       100%        7


Dungeon Overview and Level Annotations

Branches:
Dungeon (4/15)
 Temple: D:4-7

Altars:
Elyvilon

Shops:
D:2 (*=!


Innate Abilities, Weirdness & Mutations

You are too large for most types of armour.
You have claws for hands.
Your natural rate of healing is unusually fast.
You are covered in fur. (AC +1)
You have tough skin. (AC +1)


Message History

You hit the orc warrior.
The orc warrior is severely wounded.
The giant cockroach barely misses you. The orc warrior barely misses you.
The giant cockroach bites you. You block the orc warrior's attack.
You closely miss the orc warrior.
The orc warrior is severely wounded.
The giant cockroach bites you but does no damage.
The orc warrior closely misses you.
You riposte.
You barely miss the orc warrior.
The orc warrior is severely wounded.
The giant cockroach bites you but does no damage.
You hit the orc warrior but do no damage.
The orc warrior is severely wounded.
The giant cockroach bites you.
The orc warrior hits you with a +0 long sword.
The giant cockroach bites you but does no damage.
The orc warrior hits you with a +0 long sword!
You hit the orc warrior.
The orc warrior is severely wounded.
The giant cockroach bites you but does no damage.
The orc warrior hits you with a +0 long sword!
* * * LOW HITPOINT WARNING * * *
You block the giant cockroach's attack.
You hit the orc warrior.
The orc warrior is severely wounded.
You block the orc warrior's attack. You block the giant cockroach's attack.
The orc warrior barely misses you.
You closely miss the orc warrior.
The orc warrior is severely wounded.
The giant cockroach waves its antennae.
The giant cockroach barely misses you. You block the orc warrior's attack.
The giant cockroach bites you but does no damage.
You hit the giant cockroach.
The giant cockroach is almost dead.
The giant cockroach bites you but does no damage.
The orc warrior hits you with a +0 long sword.
* * * LOW HITPOINT WARNING * * *
The giant cockroach bites you but does no damage.
The orc warrior hits you with a +0 long sword!
You die...

♣ #####♣♣ ♣♣.♣
##.....♣♣ ♣....
##.......♣♣♣.....
#...≈≈≈...♣...≈≈≈
##..≈≈≈≈≈!.B..≈≈≈≈
#...≈≈♣≈≈.@o..≈≈_≈
#...≈≈≈≈≈.....≈≈≈≈
#....≈≈≈...♣...≈≈≈
#.#..†....♣♣♣.....
#.##.....♣♣ ♣....
#.######♣♣ ♣♣.♣
#.# ♣ #.# #.#


You could see an orc warrior and a giant cockroach.

Vanquished Creatures
  A hound (D:3)
  6 gnolls
  2 adders (D:3)
  An adder skeleton (D:4)
  A worm (D:3)
  10 orcs
  4 ball pythons
  5 bats
  8 endoplasms
  6 giant cockroaches
  5 goblins
  7 hobgoblins
  4 jackals (D:3)
  5 quokkas
  4 frilled lizards
  4 kobolds
  5 rats
78 creatures vanquished.

Notes
Turn   | Place    | Note
-------+----------+-------------------------------------------
     0 | D:1      | Arne the Troll Fighter began the quest for the Orb.
     0 | D:1      | Reached XP level 1. HP: 22/22 MP: 0/0
   219 | D:1      | Reached XP level 2. HP: 29/29 MP: 1/1
   255 | D:1      | Found a faded altar of an unknown god.
   860 | D:2      | Found Zidemomp's Distillery.
   866 | D:2      | Reached XP level 3. HP: 27/36 MP: 2/2
   956 | D:2      | Found Xulanop's Assorted Antiques.
   958 | D:2      | Found Nirchyne's Weapon Emporium.
  1037 | D:2      | HP: 1/36 [gnoll (9)]
  1039 | D:2      | Reached XP level 4. HP: 3/44 MP: 3/3
  1532 | D:3      | Reached XP level 5. HP: 46/53 MP: 4/4
  1947 | D:2      | Found Zajisudgh's Jewellery Shoppe.
  2649 | D:4      | Noticed an orc warrior
  2650 | D:4      | Found a white marble altar of Elyvilon.
  2666 | D:4      | Slain by an orc warrior

Illustrated notes

Levels and vault maps discovered:
D:1:      dpeg_arrival_renting, layout_loops_ring,
          ebering_ecumenical_altar_mist, grunt_decor_junction
D:2:      layout_rooms, serial_shops, shop_statue, shop, shop_fountains, shop
D:3:      layout_basic, st_stairs_2
D:4:      layout_loops_cross, elyvilon_altar_3,
          minmay_temple_entry_glassed_door, ebering_ghost_gozag,
          minmay_goblin_kobold_house

Skill      XL: |  1  2  3  4 |
---------------+-------------+-----
Long Blades    | 2 |  2.2
Dodging        | 3 |  3.6
Shields        | 3 |  3.3
Fighting       | 3 |  3.1
Stealth        | |  0.4

Action                   |  1- 3 |  4- 6 || total
-------------------------+-------+-------++-------
Melee: Long sword        |   110 |   151 ||   261
 Stab: Sleeping          |     1 |     1 ||     2
Armor: Robe              |    64 |    56 ||   120
Dodge: Dodged            |    53 |    60 ||   113
Block: Kite shield       |    42 |    80 ||   122
       Rpst.: Long sword |    15 |    20 ||    35

Table legend: (Time is in decaauts)
 A = Elapsed time spent in this place.
 B = Non-inter-level travel time spent in this place.
 C = Inter-level travel time spent in this place.
 D = Time resting spent in this place.
 E = Time spent auto-exploring this place.
 F = Levels seen in this place.
 G = Mean time per level.
                   A        B        C        D        E       F      G
               +--------+--------+--------+--------+--------+-----+--------+
         Total |   2797 |   2797 |      0 |    300 |    235 |   4 |  699.2 |
       Dungeon |   2797 |   2797 |      0 |    300 |    235 |   4 |  699.2 |
               +--------+--------+--------+--------+--------+-----+--------+

Top non-repeatable levels by time:
     D:1: 897 daAuts
     D:3: 842 daAuts
     D:2: 809 daAuts
     D:4: 248 daAuts
